 Dungeon Crawl Stone Soup version 0.28.0-53-g5a82cb258f (webtiles) character file.

Game seed: 6475419460412953964

2290 OrcWarrior the Cleaver (level 9, -1/89 HPs)
             Began as a Hill Orc Fighter on Aug 10, 2022.
             Slain by a two-headed ogre
             ... wielding a +0 giant club
              (10 damage)
             ... on level 6 of the Dungeon.
             The game lasted 00:10:25 (5650 turns).

OrcWarrior the Cleaver (Hill Orc Fighter)           Turns: 5650, Time: 00:10:25

Health: -1/89      AC: 17    Str: 23    XL:     9   Next: 40%
Magic:  3/3        EV:  7    Int:  8    God:
Gold:   235        SH:  3    Dex:  5    Spells: 8/8 levels left

rFire   . . .      SeeInvis .   q - +6 war axe of Income {antimagic, rElec rPois rC+ Dex-5}
rCold   + . .      Faith    .   c - +0 buckler
rNeg    . . .      Spirit   .   x - +0 chain mail
rPois   +          Reflect  .   y - +2 hat
rElec   +          Harm     .   p - +0 cloak
rCorr   .          Rampage  .   e - +0 pair of gloves
Will    .....                   (no boots)
Stlth   ..........              m - amulet of regeneration
HPRegen 1.04/turn               n - ring of poison resistance
MPRegen 0.08/turn               o - +4 ring of protection

@: no status effects
A: no striking features
a: no special abilities


You were on level 6 of the Dungeon.
You visited 2 branches of the dungeon, and saw 7 of its levels.

You collected 235 gold pieces.

Inventory:

Hand Weapons
 a - a +0 war axe
 q - the +6 war axe of Income (weapon) {antimagic, rElec rPois rC+ Dex-5}
   (You found it on level 3 of the Dungeon)

   It reduces the magical energy of the wielder, and disrupts the spells and
   magical abilities of those it strikes.
   Natural abilities and divine invocations are not affected.
   Dex:       It affects your dexterity (-5).
   rC:        It protects you from cold.
   rElec:     It insulates you from electricity.
   rPois:     It protects you from poison.
Missiles
 v - 2 throwing nets
 w - 3 poisoned darts (quivered)
Armour
 c - a +0 buckler (worn)
 e - a +0 pair of gloves (worn)
 p - a +0 cloak (worn)
 x - a +0 chain mail (worn)
 y - a +2 hat (worn)
Jewellery
 m - an amulet of regeneration (around neck)
 n - a ring of poison resistance (left hand)
 o - a +4 ring of protection (right hand)
Wands
 b - a wand of mindburst (17)
Scrolls
 h - a scroll of acquirement {unknown}
 k - 4 scrolls of identify {unknown}
 r - 2 scrolls of enchant weapon {unknown}
 t - a scroll of summoning {unknown}
 z - a scroll of magic mapping {unknown}
Potions
 d - a potion of might
 f - a potion of lignification {unknown}
 g - 2 potions of curing {unknown}
 i - a potion of degeneration {unknown}
 j - 3 potions of flight {unknown}
 l - a potion of cancellation {unknown}
 s - a potion of mutation {unknown}
 u - 2 potions of brilliance


   Skills:
 - Level 11.0 Fighting
 + Level 11.6 Axes
 - Level 3.2 Armour
 - Level 3.2 Shields


You had 8 spell levels left.
You didn't know any spells.
Your spell library contained the following spells:

 Spells                   Type           Power      Damage    Failure   Level
 Apportation              Tloc           0%         N/A       99%         1
 Dazzling Flash           Conj/Hex       0%         N/A       100%        3
 Agony                    Necr           0%         N/A       100%        5
 Alistair's Intoxication  Tmut/Pois      0%         N/A       100%        5
 Silence                  Hex/Air        0%         N/A       100%        5


Dungeon Overview and Level Annotations

Branches:
Dungeon (6/15)             Temple (1/1) D:6

Altars:
Ashenzari
Cheibriados
Dithmenos
Elyvilon
Fedhas
Hepliaklqana
Kikubaaqudgha
Nemelex Xobeh
Okawaru
Ru
Trog
Uskayaw
Vehumet
Wu Jian
Xom
Zin
The Shining One

Shops:
D:4 :

Annotations:
D:6 2 runed translucent doors, AbrileMaio's ghost, novice MiFi


Message History

Aim: a two-headed ogre, wielding a +0 giant club and a +0 dire flail (lightly wounded, poisoned, 73% to hit)
You throw a poisoned dart.
The poisoned dart hits the two-headed ogre.
The two-headed ogre looks even sicker.
The two-headed ogre is lightly wounded.
Throw: 4 darts (poison)
Press: ? - help, Q - select action, (/) - cycle Shift-Dir - straight line, f/p - two-headed ogre
Aim: a two-headed ogre, wielding a +0 giant club and a +0 dire flail (lightly wounded, very poisoned, 73% to hit)
You throw a poisoned dart.
The poisoned dart hits the two-headed ogre.
The two-headed ogre looks even sicker.
The two-headed ogre is lightly wounded.
You slash the two-headed ogre!
The two-headed ogre is moderately wounded.
The two-headed ogre hits you with a +0 giant club!!
The two-headed ogre hits you but does no damage.
You hit the two-headed ogre.
The two-headed ogre is moderately wounded.
The two-headed ogre hits you with a +0 giant club!
The two-headed ogre hits you with a +0 dire flail!
You barely miss the two-headed ogre.
The two-headed ogre is moderately wounded.
You hit the two-headed ogre but do no damage.
The two-headed ogre is heavily wounded.
The two-headed ogre hits you with a +0 giant club!
The two-headed ogre hits you with a +0 dire flail!
You slash the two-headed ogre!
The two-headed ogre is severely wounded.
The two-headed ogre hits you but does no damage.
The two-headed ogre hits you with a +0 dire flail.
* * * LOW HITPOINT WARNING * * *
Unknown command.
You slash the two-headed ogre!
The two-headed ogre is severely wounded.
You barely miss the two-headed ogre.
The two-headed ogre is almost dead.
The two-headed ogre hits you with a +0 giant club!
* * * LOW HITPOINT WARNING * * *
The two-headed ogre hits you with a +0 dire flail!
You die...

#.........##.# #....##
#...####..##.# #.....#
#......#..##.# ##....#
#..###.#..##.# #....#
#†......[.##.# ###..#
#.####.##.##.####+########.#
#.# #.##.##.#.............#
#.# #.#.....#.............#
###'####.#^....#@............#
#..............#O########'####
#.....###.#..# #(. ##).)##
#.....#......# #.(. ##.....##
###.#........# #.(.. #.......#
#.#.#.###..# #.....#.......#
#.#.#.# #..# ##....#.......#
#.#.#.# #..# ....##....(##
#.#.#.###..# ##...##


You could see a two-headed ogre (very poisoned).

Vanquished Creatures
  A yak (D:6)
  Eustachio (D:5)
  Edmund (D:5)
  Duvessa (D:5)
  2 sky beasts (D:5)
  An ice beast (D:6)
  A necrophage (D:6)
  2 ogres
  2 centaurs
  A kobold brigand (D:5)
  2 water moccasin zombies (D:6)
  3 scorpions
  Dowan (D:5)
  A water moccasin skeleton (D:6)
  Crazy Yiuf (D:5)
  3 hounds
  A gnoll shaman (D:5)
  2 iguanas
  2 jellies
  A bullfrog skeleton (D:5)
  2 orc wizards (D:6)
  Ijyb (D:5)
  Natasha (thrice) (D:2)
  A hound zombie (D:5)
  A howler monkey skeleton (D:6)
  6 adders
  4 gnolls (D:5)
  4 dart slugs
  7 orcs
  8 ball pythons
  6 endoplasms
  6 giant cockroaches
  10 goblins
  5 hobgoblins
  24 jackals
  4 quokkas
  8 bats
  4 frilled lizards
  8 kobolds
  7 rats
149 creatures vanquished.

Vanquished Creatures (others)
  9 plants (D:5)
9 creatures vanquished.

Grand Total: 158 creatures vanquished

Notes
Turn   | Place    | Note
-------+----------+-------------------------------------------
     0 | D:1      | OrcWarrior the Hill Orc Fighter began the quest for the
                  | Orb.
     0 | D:1      | Reached XP level 1. HP: 19/19 MP: 1/1
   217 | D:1      | Reached XP level 2. HP: 24/26 MP: 2/2
   372 | D:1      | Found a faded altar of an unknown god.
   548 | D:1      | Reached XP level 3. HP: 31/31 MP: 3/3
   966 | D:1      | Reached skill level 5 in Axes
  1618 | D:2      | Reached XP level 4. HP: 31/39 MP: 4/4
  1830 | D:2      | Noticed Natasha
  1842 | D:2      | Killed Natasha
  1873 | D:2      | Noticed Natasha
  1883 | D:2      | Killed Natasha
  2039 | D:2      | Reached XP level 5. HP: 45/45 MP: 5/5
  2369 | D:2      | Noticed Natasha
  2378 | D:2      | Killed Natasha
  3487 | D:3      | Identified the +6 war axe of Income {antimagic, rElec rPois
                  | rC+ Dex-5}
  3563 | D:4      | Found Mivays's Self-Improvement Boutique.
  3628 | D:4      | Reached XP level 6. HP: 51/51 MP: 2/6
  4221 | D:5      | Entered Level 5 of the Dungeon
  4298 | D:5      | Reached skill level 10 in Axes
  4298 | D:5      | Reached XP level 7. HP: 52/57 MP: 2/7
  4352 | D:5      | Noticed Duvessa
  4354 | D:5      | Noticed Dowan
  4359 | D:5      | Noticed Eustachio
  4360 | D:5      | Killed Duvessa
  4366 | D:5      | Killed Dowan
  4429 | D:5      | Reached skill level 5 in Fighting
  4429 | D:5      | Reached XP level 8. HP: 33/68 MP: 2/8
  4489 | D:5      | Killed Eustachio
  4546 | D:5      | Found a runed translucent door.
  4547 | D:5      | Noticed Crazy Yiuf
  4811 | D:5      | Noticed Edmund
  4826 | D:5      | Killed Edmund
  4860 | D:5      | Noticed Ijyb
  4879 | D:5      | Killed Ijyb
  4936 | D:5      | Found a blossoming altar of Fedhas.
  5091 | D:5      | Killed Crazy Yiuf
  5292 | D:6      | Noticed AbrileMaio's ghost (novice MiFi)
  5302 | D:6      | Reached XP level 9. HP: 80/85 MP: 3/9
  5309 | D:6      | Found a runed translucent gate.
  5309 | D:6      | Found a runed translucent gate.
  5339 | D:6      | Found a staircase to the Ecumenical Temple.
  5347 | D:6      | Reached skill level 10 in Fighting
  5358 | Temple   | Entered the Ecumenical Temple
  5640 | D:6      | Noticed a two-headed ogre
  5650 | D:6      | Slain by a two-headed ogre

Illustrated notes

Levels and vault maps discovered:
D:1:      heliophobic_arrival_glass_houses, layout_basic,
          hellmonk_ecumenical_altar_inner_sanctum
D:2:      layout_basic, serial_corexii_hall, corexii_hall_statues_x,
          chequers_hall_statues_corner_a, chequers_hall_statues_corner_a,
          corexii_hall_statues_l, kennysheep_generic_room_13, uniq_natasha
D:3:      layout_basic, st_stairs_14, minmay_misc_feat_tiny, minivault_23
D:4:      layout_loops_ring, wad_floor_pattern_untrapped, nicolae_shop_self_help
D:5:      layout_rooms, fedhas_altar_4, hangedman_decor_riveting,
          lexackson_kobold_supper, uniq_crazy_yiuf_cottage, uniq_eustachio,
          uniq_duvessa, uniq_ijyb, uniq_edmund
D:6:      minmay_opposing_rooms, layout_basic, nicolae_gozag_seed_capital,
          mainiacjoe_overflow_alcove_1, minmay_temple_entry_glassed_door,
          gammafunk_ghost_split, minivault_26
Temple:   kb_temple_of_zot

Skill      XL: |  1  2  3  4  5  6  7  8  9 |
---------------+----------------------------+-----
Axes           | 3 4 5 6 8 10 11 | 11.6
Fighting       | 5 9 11 | 11.0
Armour         | |  3.2
Shields        | |  3.2

Action                   |  1- 3 |  4- 6 |  7- 9 || total
-------------------------+-------+-------+-------++-------
Melee: War axe           |   155 |   161 |   154 ||   470
Throw: Dart              |       |       |     3 ||     3
Armor: Scale mail        |   115 |    57 |    46 ||   218
       Chain mail        |       |       |    58 ||    58
Dodge: Dodged            |    74 |    68 |    48 ||   190
Block: Buckler           |    32 |    42 |    24 ||    98
